 Dungeon Crawl Stone Soup version 0.29.0-4-gdea44cf6ec (webtiles) character file.

Game seed: 10850161939500310999

2 qw the Sneak (level 1, 0/14 HPs)
             Began as a Ghoul Enchanter on Sept 7, 2022.
             Slain by a quokka (2 damage)
             ... on level 1 of the Dungeon.
             The game lasted 00:00:04 (82 turns).

qw the Sneak (Ghoul Enchanter)                        Turns: 82, Time: 00:00:05

Health: 0/14       AC:  2    Str: 11    XL:     1   Next: 30%
Magic:  2/2        EV: 12    Int: 10    God:
Gold:   5          SH:  0    Dex:  9    Spells: 3/3 levels left

rFire   . . .      SeeInvis .   e - +0 club
rCold   + . .      Faith    .   (no shield)
rNeg    + + +      Spirit   .   b - +0 robe
rPois   inf        Reflect  .   (no helmet)
rElec   .          Harm     .   (no cloak)
rCorr   .          Rampage  .   (no gloves)
Will    .....                   (no boots)
Stlth   ++........              (no amulet)
HPRegen 0.00/turn               (no ring)
MPRegen 0.08/turn               (no ring)

@: inhibited regen
A: claws 1, cold resistance 1, negative energy resistance 3, inhibited
regeneration, torment resistance 2, devour on kill
a: no special abilities


You were on level 1 of the Dungeon.
You visited 1 branch of the dungeon, and saw 1 of its levels.

You collected 5 gold pieces.


Innate Abilities, Weirdness & Mutations

You are immune to poison.
You have sharp fingernails.
Your flesh is cold resistant. (rC+)
You are immune to negative energy. (rN+++)
You do not regenerate when monsters are visible.
You are immune to unholy pain and torment.
You thrive by killing the living.


   Skills:
 - Level 0.8 Short Blades
 + Level 0.5 Axes
 - Level 1.7 Dodging
 - Level 3.2 Stealth
 - Level 1.7 Spellcasting
 - Level 2.4 Hexes


You had 3 spell levels left.
You didn't know any spells.
Your spell library contained the following spells:

 Spells                   Type           Power      Damage    Failure   Level
 Ensorcelled Hibernation  Hex/Ice        6%         N/A       30%         2
 Confusing Touch          Hex            5%         N/A       34%         3
 Tukima's Dance           Hex            5%         N/A       34%         3
 Dazzling Flash           Conj/Hex       6%         N/A       52%         3

Inventory:

Hand Weapons
 e - a +0 club (weapon)
Armour
 b - a +0 robe (worn)
 d - a +0 leather armour
Scrolls
 a - a scroll of identify {unknown}
Potions
 c - 2 potions of invisibility

Dungeon Overview and Level Annotations

Branches:
Dungeon (1/15)

Altars:


Message History

You hit the rat.
You kill the rat!
A goblin and a quokka come into view.
The goblin shouts!
The goblin moves out of view.
You barely miss the goblin. The goblin misses you.
You hit the goblin.
The goblin is heavily wounded.
The quokka closely misses you. The goblin hits you but does no damage.
You hit the goblin but do no damage.
The goblin is heavily wounded.
The quokka bites you. The goblin barely misses you.
The quokka twitches its whiskers.
The quokka barely misses you.
You closely miss the goblin.
The goblin is moderately wounded.
The goblin barely misses you. The quokka barely misses you.
The goblin barely misses you.
You barely miss the goblin.
The goblin is moderately wounded.
The quokka closely misses you. The goblin hits you with a +0 dagger.
The quokka bites you.
You hit the goblin.
The goblin is severely wounded.
The quokka closely misses you. The goblin barely misses you.
You closely miss the goblin.
The goblin is severely wounded.
The quokka barely misses you. The goblin hits you but does no damage.
The quokka barely misses you. The goblin closely misses you.
You closely miss the goblin.
The goblin is severely wounded.
The quokka bites you. The goblin barely misses you. The quokka bites you.
You closely miss the goblin.
The goblin is severely wounded.
The goblin closely misses you. The quokka barely misses you.
You miss the goblin.
The goblin is severely wounded.
The quokka bites you.
You die...

..# ### .. #
#.. ..
#.####.# .#
...#.# .#
#.#.###.#
#.##.....gr#?#
#........@...#
######.#######
#.# #.# #.#
#.# #.# #.#
#.#


You could see a quokka and a goblin.

Vanquished Creatures
  A goblin (D:1)
  A rat (D:1)
2 creatures vanquished.

Notes
Turn   | Place    | Note
-------+----------+-------------------------------------------
     0 | D:1      | qw the Ghoul Enchanter began the quest for the Orb.
     0 | D:1      | Reached XP level 1. HP: 14/14 MP: 2/2
     0 | D:1      | 0 ||| qw: Version: 0.1-a-108-g9e35731
     0 | D:1      | 0 ||| qw: Game counter: 6418
     0 | D:1      | 0 ||| qw: Always use a shield: true
     0 | D:1      | 0 ||| qw: God list: Okawaru
     0 | D:1      | 0 ||| qw: Allow faded altars: false
     0 | D:1      | 0 ||| qw: Do Orc after D:15 true
     0 | D:1      | 0 ||| qw: Do second Lair branch before Depths: true
     0 | D:1      | 0 ||| qw: Lair rune preference: random
     0 | D:1      | 0 ||| qw: Plans: Normal
     0 | D:1      | 0 ||| PLANNING D:1-11
    32 | D:1      | 32 ||| SWAPPING to +0 club.
    33 | D:1      | 33 ||| DROPPING +1 dagger.
    80 | D:1      | HP: 2/14 [quokka (2)]
    82 | D:1      | Slain by a quokka

Levels and vault maps discovered:
D:1:      mrwooster_arrival_statue_2, layout_loops_ring

Action                   || total
-------------------------++-------
Melee: Club              ||    12
       Dagger            ||     2
Armor: Robe              ||     3
Dodge: Dodged            ||    16

Table legend:
 A = Non-vault XP
 B = Vault XP
 C = Vault XP percentage of total XP
 D = Non-vault monster count
 E = Vault monster count
 F = Vault count percentage of total count
                 A         B        C        D         E       F
            +---------+---------+-------+---------+---------+-------
      Total |       3 |       0 |   0.0 |       2 |       0 |   0.0
            +---------+---------+-------+---------+---------+-------
        D:1 |       3 |       0 |   0.0 |       2 |       0 |   0.0
            +---------+---------+-------+---------+---------+-------
